AoeStats
← Efthiron

Arabia

504525238Analyzed
1v1 RM · 28d ago on Sep 5, 2026· 31m 17s· 2 players
Game mode
Random Map
Map size
Tiny (2 player)
Population
200
Speed
Normal
Resources
Standard
Victory
Conquest
Starting age
Dark Age
Ending age
Imperial Age
RankedLock teamsTeams togetherTeam positionsShared explorationLock speedFull tech treeHidden civsTurbo modeCheats
Victory
Defeat
🇲🇽 Mongols · Mexico
1264
+17
🇨🇦 Burmese · Canada
1290
-17
Efthiron
6:22 Loom
9:23 Feudal Age
9:57 Town Watch
10:09 Double-Bit Axe
13:51 Fletching
16:51 Wheelbarrow
20:53 Castle Age
19:51 Scale Barding Armor
20:34 Bloodlines
20:54 Forging
22:49 Bow Saw
28:14 Chain Barding Armor
32:13 Iron Casting
Kevin James
6:25 Loom
9:47 Feudal Age
10:00 Man-at-Arms
10:56 Arson
17:24 Fletching
22:31 Castle Age
20:28 Stone Mining
22:38 Wheelbarrow
22:06 Padded Archer Armor
22:40 Horse Collar
23:21 Gold Mining
23:48 Squires
24:01 Forging
23:39 Elite Skirmisher
25:39 Bodkin Arrow
Connection lost

Rejoining the realm…

Still unreachable

The connection could not be restored.

Session expired

The server has moved on; the page needs a fresh start.